 Dungeon Crawl Stone Soup version 0.19-a0-1626-g5215c36 (webtiles) character file.

104 Amciq the Ruffian (level 4, -4/44 HPs)
             Began as a Troll Monk on Sept 18, 2016.
             Slain by Fuzzwah's ghost (15 damage)
             ... on level 3 of the Dungeon.
             The game lasted 00:08:28 (1729 turns).

Amciq the Ruffian (Troll Monk)                      Turns: 1729, Time: 00:08:29

Health: -4/44      AC:  5    Str: 20    XL:     4   Next: 52%
Magic:  3/3        EV: 11    Int:  6    God:
Gold:   114        SH:  0    Dex: 14    Spells: 0 memorised, 3 levels left

rFire  . . .     SeeInvis .       - Unarmed
rCold  . . .     Gourm    +     a - +0 robe
rNeg   . . .     Faith    .     (no shield)
rPois  .         Spirit   .     (helmet restricted)
rElec  .         Dismiss  .     (no cloak)
rCorr  .         Reflect  .     (gloves unavailable)
MR     .....     Harm     .     (boots unavailable)
Stlth  ++........               (no amulet)
                                (no ring)
                                (no ring)

@: no status effects
A: unfitting armour, claws 3, agile 1, fast metabolism 3, gourmand, regeneration
1, shaggy fur 1, tough skin 2
a: no special abilities


You were on level 3 of the Dungeon.
You were not hungry.

You visited 1 branch of the dungeon, and saw 3 of its levels.

You collected 114 gold pieces.

Inventory:

Missiles
 e - 127 stones (quivered)
Armour
 a - a +0 robe (worn)
 i - a +2 robe of magic resistance
Scrolls
 g - a scroll of remove curse {unknown}
 h - a scroll of immolation {unknown}
 j - 2 scrolls of magic mapping {unknown}
 k - 5 scrolls of identify {unknown}
 m - a scroll of random uselessness {unknown}
 p - 3 scrolls of fog {unknown}
Potions
 c - a potion of flight
Comestibles
 b - 3 bread rations
 l - 2 meat rations
 o - a royal jelly
 q - 3 fruits


   Skills:
 + Level 2.9 Fighting
 + Level 1.5 Throwing
 + Level 0.5 Armour
 + Level 2.8 Dodging
 - Level 1.1 Stealth
 * Level 3.9 Unarmed Combat


You had 3 spell levels left.
You didn't know any spells.

Dungeon Overview and Level Annotations

Branches:
Dungeon (3/15)

Altars:
Kikubaaqudgha
Ru
Zin

Annotations:
D:3 Fuzzwah's ghost, amateur MiBe


Innate Abilities, Weirdness & Mutations

You are too large for most types of armour.
You have claws for hands.
Your metabolism is lightning-fast.
You like to eat raw meat.
Your natural rate of healing is unusually fast.
You are covered in fur. (AC +1)
You have very tough skin. (AC +2)
You are agile. (Dex +2)


Message History

Fuzzwah's ghost is heavily damaged.
Fuzzwah's ghost hits you!
You barely miss Fuzzwah's ghost.
Fuzzwah's ghost is heavily damaged.
Fuzzwah's ghost says, "I was like you once."
Fuzzwah's ghost hits you!
You scratch Fuzzwah's ghost.
Fuzzwah's ghost is heavily damaged.
Fuzzwah's ghost hits you.
You barely miss Fuzzwah's ghost.
Fuzzwah's ghost is heavily damaged.
Fuzzwah's ghost hits you!
* * * LOW HITPOINT WARNING * * *
You scratch Fuzzwah's ghost but do no damage.
Fuzzwah's ghost is heavily damaged.
Fuzzwah's ghost closely misses you.
You barely miss Fuzzwah's ghost.
Fuzzwah's ghost is heavily damaged.
Fuzzwah's ghost hits you!
You die...

##.#....##.# .#.......##.#
#.#.......##.# #.#.......##.#
#.#...##.###.# ######
#.#........#.#
#....#####.#........#.#
#....#.....#..W.....#.#
#..........##.#@....#.#
#....#.)...##.#.....#.#
#....#<#.#.##..)....#.#
#....#.#.#.##..[....#.#####
####.#.#.#.##.............#
#....#.#.##.......#.###.#
#......#.......##...# #.#
#....#########.###..###.######
##......[......# #............


You could see Fuzzwah's ghost.

Vanquished Creatures
  Ijyb (D:3)
  2 adders
  An ooze (D:3)
  A worm (D:2)
  A dart slug (D:1)
  3 leopard geckos
  A ball python (D:1)
  7 bats
  5 giant cockroaches
  5 goblins
  3 hobgoblins (D:1)
  3 jackals (D:2)
  A kobold (D:1)
  A quokka (D:2)
  8 frilled lizards
  7 rats
50 creatures vanquished.

Notes
Turn   | Place    | Note
-------+----------+-------------------------------------------
     0 | D:1      | Amciq the Troll Monk began the quest for the Orb.
     0 | D:1      | Reached XP level 1. HP: 22/22 MP: 0/0
   142 | D:1      | Reached XP level 2. HP: 29/29 MP: 1/1
   735 | D:2      | Reached skill level 1 in Throwing
   738 | D:2      | Reached XP level 3. HP: 36/36 MP: 2/2
   919 | D:2      | Found an ancient bone altar of Kikubaaqudgha.
   950 | D:2      | Found a glowing silver altar of Zin.
  1525 | D:3      | Reached XP level 4. HP: 43/44 MP: 3/3
  1531 | D:3      | Noticed Ijyb
  1544 | D:3      | Killed Ijyb
  1616 | D:3      | Noticed Fuzzwah's ghost (amateur MiBe)
  1616 | D:3      | Gained mutation: You are agile. (Dex +2) [potion of beneficial mutation]
  1685 | D:3      | Found a sacrificial altar of Ru.
  1729 | D:3      | Slain by Fuzzwah's ghost

Vault maps used:
D:1:      dpeg_arrival_more_subterranean_lakeside_camping,
          minmay_shallow_snake_nest
D:2:      overflow_temple_1_default, kiku_gazebo_garden_becter, first_bread,
          minmay_lizard_pond
D:3:      nicolae_ru_the_path_less_chosen, ecumenical_altar_2, uniq_iyjb

Skill      XL: |  1  2 |
---------------+-------+-----
Throwing       | 1 |  1.5
Fighting       | |  2.9
Armour         | |  0.5
Dodging        | |  2.8
Stealth        | |  1.1
Unarmed Combat | |  3.9

Action                   |  1- 3 |  4- 6 || total
-------------------------+-------+-------++-------
Melee: Unarmed           |   112 |    33 ||   145
       Punch             |     1 |       ||     1
  Use: Potion            |       |     3 ||     3
       Scroll            |       |     1 ||     1
 Stab: Sleeping          |     1 |     2 ||     3
  Eat: Chunk             |    14 |     2 ||    16
Armor: Robe              |    45 |    17 ||    62
Dodge: Dodged            |    54 |    19 ||    73
